 Dungeon Crawl Stone Soup version 0.31.0-32-g396128a36d (webtiles) character file.

Game seed: 9304617381928288061

420 spaghetti the Trooper (level 6, -6/51 HPs)
             Began as a Demonspawn Chaos Knight on Mar 22, 2024.
             Was an Initiate of Kikubaaqudgha.
             Mangled by Sigmund
             ... wielding a +2 scythe of venom
              (8 damage)
             ... on level 3 of the Dungeon.
             The game lasted 00:03:22 (2825 turns).

spaghetti the Trooper (Demonspawn Chaos Knight)     Turns: 2825, Time: 00:03:23

Health: -6/51      AC:  8    Str: 11    XL:     6   Next: 62%
Magic:  6/6        EV: 11    Int: 15    God:    Kikubaaqudgha [......]
Gold:   185        SH:  0    Dex: 19    Spells: 5/5 levels left

rFire   . . .        i - staff of death
rCold   . . .        (no shield)
rNeg    + . .        b - +2 leather armour
rPois   +            (no helmet)
rElec   .            c - +2 cloak
rCorr   .            (no gloves)
SInv    .            (no boots)
Will    .....        (no amulet)
Stlth   ++           l - ring of poison resistance
HPRegen 0.28/turn    (no ring)
MPRegen 0.10/turn

%: no passive effects
@: confused
A: thin skeletal structure 1, demonic touch 1, agile 1, clever 1, high MP 1
a: Renounce Religion


You were on level 3 of the Dungeon.
You worshipped Kikubaaqudgha.
Kikubaaqudgha was noncommittal.
You visited 1 branch of the dungeon, and saw 4 of its levels.

You collected 185 gold pieces.

Inventory:

Hand Weapons
 a - a +0 short sword of chaos
Armour
 b - a +2 leather armour (worn)
 c - a +2 cloak (worn)
Magical Staves
 i - a staff of death (weapon)
Jewellery
 l - a ring of poison resistance (left hand)
Wands
 p - a wand of polymorph (3)
Scrolls
 d - 2 scrolls of poison
 e - a scroll of enchant armour
 f - a scroll of blinking
 o - a scroll of noise
Potions
 h - a potion of lignification


   Skills:
 + Level 5.6 Fighting
 - Level 2.6 Short Blades
 + Level 2.3 Staves
 - Level 1.7 Armour
 - Level 0.8 Dodging
 + Level 2.8 Necromancy
 + Level 2.6 Evocations


You had 5 spell levels left.
You didn't know any spells.
Your spell library was empty.

Dungeon Overview and Level Annotations

Branches:
Dungeon (4/15)
 Temple: D:4-7

Altars:
Kikubaaqudgha

Annotations:
D:2 1 runed translucent door, Crazy Yiuf
D:3 Ijyb, Jessica, Robin, Sigmund


Innate Abilities, Weirdness & Mutations

You have a somewhat thin skeletal structure. (Dex +2, Stealth+)
Your touch may inflict minor irresistible damage on your foes.
You are agile. (Dex +4, Str/Int -1)
Your mind is acute. (Int +4, Str/Dex -1)
You have an increased reservoir of magic. (+10% MP)


Message History

You swing at nothing.
The bat hits you but does no damage. Something hits you but does no damage.
You are poisoned.
It was a potion of curing.
You feel better. The bat barely misses you.
Something hits you but does no damage.
It was a potion of cancellation.
Your magical effects are unravelling.
You feel magically purged.
You feel less wooden.
Your +2 cloak unmelds from your body.
Your +2 leather armour unmelds from your body.
The bat hits you but does no damage.
You hit something. The bat completely misses you. Something hits you!
* * * LOW HITPOINT WARNING * * *
You hit something. Your touch misses something. The bat closely misses you.
You hear some strange, mumbled words.
You are confused.
You're too confused to attack without stumbling around!
You're too confused to attack without stumbling around!
You're too confused to attack without stumbling around!
Something hits you.
* * * LOW HITPOINT WARNING * * *
The bat hits you.
* * * LOW HITPOINT WARNING * * *
You bump into the rock wall.
The bat misses you.
You hear some strange, mumbled words.
A puff of flame appears from out of thin air!
The puff of flame hits you.
* * * LOW HITPOINT WARNING * * *
You are too confused!
Something hits you but does no damage.
Unknown command.
Unknown command.
You miss the bat. The bat closely misses you. x2
The bat hits you but does no damage.
Unknown command.
Unknown command.
You bump into the rock wall.
Something hits you!
You die...
Kikubaaqudgha rasps: "You have failed me!
Welcome... death!"

#########
.......>#
#######.#
#.# #.#
#.# #.#
#.# #@#
##b###
#.{#<#
#..#.#
...#.#
..###.#
.#####.#
..#.....#
##
#.###.#


You could see a bat.

Vanquished Creatures
  A black bear (D:4)
  A phantom (D:4)
  A scorpion (D:4)
  A bombardier beetle (D:4)
  2 hounds (D:4)
  4 adders
  A gnoll (D:1)
  A ribbon worm (D:2)
  A dart slug (D:1)
  9 endoplasms
  5 giant cockroaches
  6 goblins
  5 hobgoblins
  3 jackals (D:4)
  A quokka (D:1)
  3 ball pythons
  4 bats (D:1)
  6 frilled lizards (D:1)
  4 kobolds
  2 rats
61 creatures vanquished.

Notes
Turn   | Place    | Note
-------+----------+-------------------------------------------
     0 | D:1      | spaghetti the Demonspawn Chaos Knight began the quest for
                  | the Orb.
     0 | D:1      | Reached XP level 1. HP: 18/18 MP: 1/1
    73 | D:1      | Gained mutation: Your touch may inflict minor irresistible
                  | damage on your foes. [demonic ancestry]
    73 | D:1      | Reached XP level 2. HP: 17/24 MP: 2/2
   208 | D:1      | XOM: silly message
   224 | D:1      | XOM: potion effect (haste)
   232 | D:1      | Reached skill level 4 in Fighting
   298 | D:1      | Reached XP level 3. HP: 30/30 MP: 3/3
   640 | D:2      | Found a runed translucent door.
   641 | D:2      | Noticed Crazy Yiuf
  1288 | D:2      | Identified the +7 sling of the Vulture {heavy, Fly rElec
                  | rPois rC-}
  1566 | D:3      | Gained mutation: You have an increased reservoir of magic.
                  | (+10% MP) [potion of mutation]
  1566 | D:3      | Gained mutation: You are agile. (Dex +4, Str/Int -1)
                  | [potion of mutation]
  1566 | D:3      | Gained mutation: Your mind is acute. (Int +4, Str/Dex -1)
                  | [potion of mutation]
  1574 | D:3      | Gained mutation: You have a somewhat thin skeletal
                  | structure. (Dex +2, Stealth+) [demonic ancestry]
  1574 | D:3      | Reached XP level 4. HP: 38/38 MP: 4/4
  1774 | D:3      | Noticed Ijyb
  1774 | D:3      | Noticed Robin
  1777 | D:3      | Noticed Jessica
  1795 | D:4      | Found an ancient bone altar of Kikubaaqudgha.
  1974 | D:4      | Fell from the grace of Xom
  1974 | D:4      | Became a worshipper of Kikubaaqudgha
  2074 | D:4      | Noticed a phantom
  2090 | D:4      | Killed a phantom
  2091 | D:4      | Reached skill level 5 in Fighting
  2091 | D:4      | Reached skill level 1 in Staves
  2091 | D:4      | Reached skill level 1 in Necromancy
  2091 | D:4      | Reached skill level 1 in Evocations
  2091 | D:4      | Reached XP level 5. HP: 33/44 MP: 5/5
  2232 | D:4      | Noticed a black bear
  2239 | D:4      | Killed a black bear
  2240 | D:4      | Reached XP level 6. HP: 48/51 MP: 6/6
  2798 | D:3      | Noticed Sigmund
  2822 | D:3      | HP: 1/51 [something/puff of flame (6)]
  2825 | D:3      | Mangled by Sigmund

Illustrated notes

Levels and vault maps discovered:
D:1:      minmay_arrival_hallway, layout_rooms, minmay_tiny_reverse_x
D:2:      layout_loops_corners, minmay_heptomino_o4, uniq_crazy_yiuf_cottage
D:3:      layout_basic, nicolae_goblin_pals, uniq_grinder, uniq_sigmund,
          uniq_jessica
D:4:      layout_gridville, mainiacjoe_overflow_large_starburst

Skill      XL: |  1  2  3  4  5  6 |
---------------+-------------------+-----
Fighting       | 4 5 |  5.6
Staves         | 1 2 |  2.3
Necromancy     | 1 2 |  2.8
Evocations     | 1 2 |  2.6
Short Blades   | |  2.6
Armour         | |  1.7
Dodging        | |  0.8

Action                     |  1- 3 |  4- 6 || total
---------------------------+-------+-------++-------
  Melee: Short sword       |    92 |       ||    92
         Touch             |    11 |    24 ||    35
         Staff             |     8 |   109 ||   117
         Punch             |       |     1 ||     1
    Use: Potion            |     4 |     4 ||     8
         Scroll            |       |     9 ||     9
   Stab: Sleeping          |       |     2 ||     2
 Armour: Leather armour    |    47 |    86 ||   133
         Skin              |       |    38 ||    38
  Dodge: Dodged            |    57 |    68 ||   125
